 Dungeon Crawl Stone Soup version 0.16.2-12-gd0ad4c3 (webtiles) character file.

105700 kroki the Warrior (level 15, -3/141 HPs)
             Began as a Black Draconian Wizard on Mar 1, 2016.
             Was the Champion of Ashenzari.
             Slain by a sun demon (13 damage)
             ... summoned by an orc high priest
             ... on level 4 of the Orcish Mines.
             The game lasted 01:46:14 (38439 turns).

kroki the Warrior (Black Draconian Wizard)         Turns: 38439, Time: 01:46:15

Health: -3/141     AC: 19    Str: 14    XL:     15   Next: 95%
Magic:  11/35      EV: 18    Int: 27    God:    Ashenzari [******]
Gold:   1391       SH:  6    Dex:  5    Spells: 10 memorised, 9 levels left

rFire  . . .     SeeInvis +     D - +7 scimitar "Ushirov" {vamp, rPois Str+4 Int+2}
rCold  + . .     Clarity  +     (armour unavailable)
rNeg   . . .     SustAb   .     E - +2 buckler (curse)
rPois  +         Gourm    .     b - +2 hat (curse)
rElec  +         Spirit   .     w - +2 cloak (curse)
rCorr  .         Warding  .     L - +2 pair of gloves (curse)
rMut   .         Stasis   .     x - +1 pair of boots (curse)
MR     +....                    S - amulet of regeneration (curse) {+regen, !d}
Stlth  ++........               U - ring of wizardry (curse) {Wiz+, !d}
                                t - ring "Owoirris" {rPois rC+ EV+3 Dex-4 Slay+5} (curse)

@: flying, very slightly contaminated, drained, somewhat resistant to hostile
enchantments, unstealthy
A: breathe lightning, able to fly continuously, unfitting armour, big wings,
electricity resistance, cold-blooded, AC +9
a: Breathe Lightning, Stop Flying, Scrying, Transfer Knowledge, Renounce
Religion


You were on level 4 of the Orcish Mines.
You worshipped Ashenzari.
Ashenzari was exalted by your worship.
You were not hungry.

You visited 4 branches of the dungeon, and saw 28 of its levels.
You also visited: Labyrinth, Bailey and Ice Cave.

You collected 2572 gold pieces.
You spent 1145 gold pieces at shops.

Inventory:

Hand weapons
 B - a +1 blowgun
   (You took it off a kobold on level 4 of the Dungeon)
 D - the +7 scimitar "Ushirov" (weapon) {vamp, rPois Str+4 Int+2}
   (You found it in a bailey)

   It inflicts no extra harm, but heals its wielder somewhat when it strikes a
   living foe.
   It affects your strength (+4).
   It affects your intelligence (+2).
   It protects you from poison.
 G - a +1 whip of electrocution
   (You found it on level 6 of the Dungeon)
Missiles
 C - 8 curare-tipped needles
 R - 4 throwing nets {=f, !d}
Armour
 b - a cursed +2 hat (worn)
 w - a cursed +2 cloak (worn)
   (You found it on level 3 of the Dungeon)
 x - a cursed +1 pair of boots (worn)
   (You found it on level 14 of the Dungeon)
 E - a cursed +2 buckler (worn)
   (You took it off Norris on level 13 of the Dungeon)
 L - a cursed +2 pair of gloves (worn)
   (You found it on level 8 of the Dungeon)
Magical staves
 u - a cursed staff of power {MP+17, !a}
   (You acquired it on level 12 of the Dungeon)
Jewellery
 j - an uncursed amulet of resist mutation {rMut, !d}
   (You found it on level 14 of the Dungeon)
 o - an uncursed ring of protection from fire {rF+, !d}
   (You found it on level 13 of the Dungeon)
 p - an uncursed ring of protection from fire {rF+, !d}
   (You found it on level 2 of the Dungeon)
 t - the cursed ring "Owoirris" (left hand) {rPois rC+ EV+3 Dex-4 Slay+5}
   (You bought it in a shop on level 1 of the Orcish Mines)

   [ring of evasion]

   It affects your evasion (+3).
   It affects your dexterity (-4).
   It affects your accuracy and damage with ranged weapons and melee attacks
   (+5).
   It protects you from cold.
   It protects you from poison.
   It has a curse placed upon it.
 F - a +4 ring of protection
   (You found it on level 6 of the Dungeon)
 J - an uncursed amulet of guardian spirit {Spirit}
   (You found it on level 7 of the Lair of Beasts)
 S - a cursed amulet of regeneration (around neck) {+regen, !d}
   (You bought it in a shop on level 1 of the Orcish Mines)
 U - a cursed ring of wizardry (right hand) {Wiz+, !d}
   (You found it in a labyrinth)
Magical devices
 a - a wand of paralysis (8)
   (You found it on level 3 of the Lair of Beasts)
 g - a wand of digging (6)
   (You found it on level 4 of the Lair of Beasts)
 k - a wand of disintegration (17)
   (You found it on level 13 of the Dungeon)
 K - a wand of disintegration (18)
   (You found it on level 11 of the Dungeon)
 M - a wand of enslavement (9)
   (You took it off a necromancer on level 14 of the Dungeon)
 Q - a wand of heal wounds (0)
   (You found it on level 1 of the Lair of Beasts)
Scrolls
 f - 4 scrolls of teleportation
 n - 3 scrolls of curse armour
 s - 7 scrolls of magic mapping {!r}
 y - 3 scrolls of blinking {!r}
 z - a scroll of fear
 I - 4 scrolls of immolation {!r}
 N - 4 scrolls of remove curse
 O - 2 scrolls of fog
 V - 2 scrolls of curse weapon
 Y - a scroll of enchant weapon
Potions
 l - 5 potions of restore abilities
 q - 2 potions of brilliance
 v - 7 potions of curing
 H - 3 potions of cancellation
 P - a potion of resistance
 Z - 2 potions of magic
Books
 i - a book of the Earth
   (You found it on level 15 of the Dungeon)
 r - a book of Unlife
   (You found it on level 14 of the Dungeon)
Miscellaneous
 e - a phantom mirror
 T - a legendary deck of wonders {drawn: 2}
   (You found it on level 4 of the Lair of Beasts)
Comestibles
 d - 13 bread rations {@e1}
 h - 29 fruits
 W - 5 meat rations {@e2}
 X - 2 slices of pizza


   Skills:
 + Level 15.4(14.6) Fighting
 - Level 7.4(6.7) Long Blades
 - Level 7.9(7.2) Maces & Flails
 + Level 13.2(16.5) Dodging
 - Level 2.7(5.7) Stealth
 - Level 2.6(4.4) Shields
 - Level 13.5(12.7) Spellcasting
 - Level 3.1(6.3) Conjurations
 - Level 6.0(9.8) Charms
   Level 1.5(3.8) Summonings
 - Level 1.0(2.9) Translocations
 - Level 5.0(8.7) Air Magic
 - Level 2.4(5.3) Poison Magic


You had 9 spell levels left.
You knew the following spells:

 Your Spells              Type           Power        Failure   Level  Hunger
a - Animate Dead          Necr           N/A          14%         4    None
b - Blink                 Tloc           N/A          1%          2    None
e - Searing Ray           Conj           ######       1%          2    None
f - Conjure Flame         Conj/Fire      ####....     1%          3    None
g - Deflect Missiles      Chrm/Air       ######....   6%          6    #####..
h - Haste                 Chrm           ######..     4%          6    #####..
i - Ozocubu's Armour      Chrm/Ice       #####...     1%          3    None
s - Stoneskin             Trmt/Erth      ###.....     2%          2    None
x - Mephitic Cloud        Conj/Pois/Air  ######..     1%          3    None
A - Animate Skeleton      Necr           N/A          1%          1    None


Dungeon Overview and Level Annotations

Branches:
Dungeon (15/15)            Temple (1/1) D:5            Lair (8/8) D:8
  Swamp (0/5) Lair:5        Snake (0/5) Lair:5        Slime (0/6) Lair:8
    Orc (4/4) D:9             Elf (0/3) Orc:4        Vaults (0/5) D:13
 Depths (0/5) D:15

Altars:
Ashenzari
Cheibriados
Dithmenos
Elyvilon
Fedhas
Gozag
Kikubaaqudgha
Makhleb
Nemelex Xobeh
Okawaru
Qazlal
Ru
Sif Muna
Trog
Vehumet
Xom
Yredelemnul
Zin
The Shining One
Beogh
Jiyva

Shops:
D:5 =   Orc:1 =   Orc:3 (*   Orc:4 ([

Annotations:
D:9 2 runed doors
Lair:2 exclusion: oklob plant
Lair:7 exclusion: oklob plant


Innate Abilities, Weirdness & Mutations

You can breathe wild blasts of lightning.
You can fly continuously.
Your glossy black scales are hard (AC +9).
Your body does not fit into most forms of armour.
Your wings are large and strong.
You are resistant to electric shocks.
Your cold-blooded metabolism reacts poorly to cold.


Message History

Something smites you!
You take 8 damage, and have 99/141 hp.
Unknown command.
You hit the orc knight. The warg barely misses you.
The orc knight hits you with a long sword.
Your orc zombie closely misses the orc knight.
Your orc zombie hits the orc knight but does no damage.
The warg bites you but does no damage. The orc high priest closely misses you.
You take 2 damage, and have 97/141 hp.
You slash the orc knight!
You feel better.
You kill the orc knight!
The sixfirhy hits you but does no damage.
The sixfirhy hits you! The sixfirhy shocks you. You resist.
The sixfirhy closely misses you. The warg bites you but does no damage.
The sun demon hits you!!
You are engulfed in flames!!
* * * LOW HITPOINT WARNING * * *
Your orc zombie closely misses the sixfirhy.
You block the orc high priest's attack.
You take 55 damage, and have 42/141 hp.
MASSIVE DAMAGE!!
A film of ice covers your body! The sixfirhy closely misses you.
You block the sixfirhy's attack.
The sixfirhy hits you but does no damage.
The warg bites you but does no damage. The sixfirhy closely misses you.
The sun demon misses you.
Your orc zombie hits the sixfirhy from afar with an uncursed trident.
Your orc zombie barely misses the sixfirhy.
The warg barely misses you.
You now have 9/35 mp.
Unknown command.
Drink which item? (? for menu, Esc to quit)
Okay, then.
Read which item? (? for menu, Esc to quit)
Charge which item? (? for menu, Esc to quit)
As you read the scroll of recharging, it crumbles to dust.
Your wand of heal wounds (0) glows for a moment and now has 2 charges.
The sixfirhy completely misses you. You block the sun demon's attack.
The orc high priest utters an invocation to Beogh.
The warg bites you.
* * * LOW HITPOINT WARNING * * *
You block the sun demon's attack.
You take 2 damage, and have 41/141 hp.
You feel much better.
This wand has 1 charge left.
The orc high priest says, "Oblivion to the unbeliever."
The orc high priest hits you but does no damage.
Your orc zombie closely misses the sixfirhy.
The warg misses you.
Your orc zombie misses the sixfirhy.
The sun demon hits you!!
* * * LOW HITPOINT WARNING * * *
You are engulfed in flames!
* * * LOW HITPOINT WARNING * * *
The heat melts your icy armour.
You take 20 damage, and have 21/141 hp.
Unknown command.
You feel much better.
This wand has 0 charges left.
The sixfirhy barely misses you. The warg bites you but does no damage.
The orc high priest hits you with a mace.
* * * LOW HITPOINT WARNING * * *
The sun demon hits you but does no damage.
The sixfirhy completely misses you.
Your orc zombie hits the sixfirhy from afar with an uncursed trident.
Your orc zombie completely misses the sixfirhy.
You regained 17 hp, and now have 38/141 hp.
This wand has no charges.
Unknown command.
Drink which item? (? for menu, Esc to quit)
Okay, then.
Unknown command.
You barely miss the orc high priest. The sixfirhy misses you.
The sixfirhy hits you but does no damage. x2
The warg completely misses you. The sun demon completely misses you.
The sixfirhy misses you.
The orc high priest completely misses you.
The sixfirhy completely misses you. The warg bites you but does no damage.
You hit the orc high priest.
You feel better. The sixfirhy barely misses you.
The sixfirhy closely misses you. The sixfirhy misses you.
The sixfirhy barely misses you. The sixfirhy completely misses you.
The sun demon hits you.
* * * LOW HITPOINT WARNING * * *
You are engulfed in flames!
* * * LOW HITPOINT WARNING * * *
The sixfirhy closely misses you. The warg bites you but does no damage.
Your orc zombie barely misses the sixfirhy.
Your orc zombie hits the sixfirhy from afar with an uncursed trident!
The orc high priest hits you but does no damage.
The heat melts your icy armour.
You take 19 damage, and have 20/141 hp.
Unknown command.
You barely miss the orc high priest. The sixfirhy barely misses you.
You block the sixfirhy's attack. The sixfirhy completely misses you.
The sun demon hits you.
* * * LOW HITPOINT WARNING * * *
You are engulfed in flames!
Your icy armour melts away.
* * * LOW HITPOINT WARNING * * *
You block the warg's attack.
Your orc zombie hits the sixfirhy from afar with an uncursed trident.
Your orc zombie completely misses the sixfirhy.
The sun demon hits you!
You die...

...................## ##....)...>
.................### #..........
.......#.......### #..........#
.......#........# #....#.......
)....<..........####....#..P.....
............................PPP..
......))..#.....................o
......[.....#..3ho......#.....).)
....#.......$(.Z@4.......#....4∩o
..##......#..$..Z4...#...#o...4$)
..#...................#, #...Z84.
.......(.....))#..............)).
....#........)[<.(......#........
......(.).....)()......#....#..o.
#......................,o..##....
...#..................., .# #....
#.##................... * .....


You could see an orc high priest, a sun demon, 2 sixfirhies, a warg, a friendly
orc zombie and a friendly orc zombie.

Vanquished Creatures
  Norris (D:13)
  Azrael (D:14)
  5 dire elephants (Lair:8)
  A minotaur (Lab)
  3 vault guards (D:14)
  Harold (Lair:2)
  3 centaur warriors
  An ogre mage (Orc:4)
  Erica (Orc:2)
  3 hydras
  An anaconda (Lair:8)
  6 death yaks (Lair:4)
  2 orc high priests (Orc:4)
  2 tengu warriors (D:15)
  A fire crab (Lair:8)
  3 unseen horrors
  5 orc knights
  3 wizards
  2 necromancers (D:14)
  8 hill giants
  2 griffons
  An ugly thing (D:12)
  3 orc sorcerers
  A cyclops (D:12)
  A salamander (shapeshifter) (D:14)
  3 centaur zombies
  10 elephants
  11 spiny frogs
  5 black mambas
  Psyche (D:9)
  3 gargoyles
  An efreet (D:14)
  3 komodo dragons
  A kobold demonologist (D:14)
  3 fire drakes
  3 yaktaurs (D:15)
  2 minotaur zombies (Lab)
  8 trolls
  3 tengu conjurers
  3 polar bears
  Sonja (D:13)
  19 blink frogs
  Prince Ribbit (D:6)
  A boulder beetle (Lair:8)
  5 slime creatures (D:13)
  6 ravens
  4 basilisks
  A trapdoor spider (D:12)
  A two-headed ogre (Orc:4)
  A spriggan (D:8)
  54 yaks
  2 shadows
  4 fire elementals (D:14)
  8 deep elf magi
  A wyvern (D:12)
  4 nagas (Lair:5)
  6 hippogriffs
  37 humans
  A hungry ghost (D:11)
  A steam dragon (Lair:4)
  A raven zombie (D:15)
  2 swamp worms (Lair:5)
  3 vampire mosquitoes (D:12)
  17 wolves
  2 wargs
  17 water moccasins
  A soldier ant (D:13)
  A hell hound (D:14)
  8 porcupines
  2 human skeletons (D:14)
  4 sky beasts
  3 wasps
  20 ogres
  36 orc warriors
  An eye of draining (D:9)
  A black bear (Lair:2)
  4 phantoms
  4 boggarts (D:14)
  5 boring beetles
  13 ice beasts
  2 vampire mosquito zombies (D:12)
  12 crocodiles
  19 centaurs
  17 giant frogs
  Blork the orc (D:9)
  A troll zombie (D:15)
  5 scorpions
  4 killer bees (D:12)
  9 wights
  A troll skeleton (Lab)
  3 jellies
  7 crimson imps
  A wasp zombie (D:13)
  A giant frog zombie (D:10)
  A human zombie (D:14)
  2 giant frog skeletons
  22 orc priests
  7 centaur skeletons
  An elf skeleton (D:11)
  12 hounds
  22 orc wizards
  4 iguanas
  7 worker ants
  46 sheep
  A hound zombie (D:9)
  2 hound skeletons
  A mummy (D:10)
  3 worker ant zombies
  10 gnolls
  23 adders
  60 river rats
  4 shadow imps
  2 giant mites
  3 worms
  2 oozes
  153 orcs
  3 ball pythons
  A bat skeleton (D:4)
  10 giant cockroaches
  18 hobgoblins
  18 jackals
  16 bats
  10 giant geckos
  2 giant gecko skeletons
  A giant gecko zombie (D:6)
  7 giant newts
  A giant spore (D:7)
  23 goblins
  A jackal zombie (D:8)
  19 kobolds
  16 quokkas
  2 quokka skeletons (D:8)
  21 rats
  3 ballistomycetes
  5 fungi
  A plant (Lair:8)
1073 creatures vanquished.

Vanquished Creatures (collateral kills)
  A vault guard (D:14)
  A yaktaur captain (D:15)
  A hydra (D:11)
  A wizard (D:14)
  A necromancer (D:14)
  2 cyclopes
  3 elephants (Lair:8)
  A griffon (D:14)
  4 centaur zombies
  3 centaur skeletons
  A troll (D:13)
  5 yaktaurs
  A two-headed ogre (D:11)
  A slime creature (D:11)
  3 ravens (D:15)
  A basilisk (D:14)
  A wyvern (D:8)
  A human (D:13)
  2 hungry ghosts
  A yak (D:12)
  3 vampire mosquitoes
  An ogre (D:12)
  2 orc warriors
  A porcupine (Lair:2)
  A sky beast (D:12)
  2 giant frogs
  A wyvern zombie (D:5)
  3 wights
  A gnoll shaman (D:4)
  5 orc priests
  An orc wizard (D:6)
  3 worker ants
  An iguana (D:6)
  A sheep (Lair:7)
  A mummy (D:10)
  6 gnolls
  A shadow imp (D:14)
  A giant mite (D:4)
  6 orcs
  2 goblins
  2 hobgoblins (D:4)
  A jackal (D:4)
81 creatures vanquished.

Vanquished Creatures (others)
  A centaur warrior (D:13)
  4 human skeletons
  4 centaur skeletons
  A polar bear (IceCv)
  A griffon skeleton (D:14)
  A human (D:13)
  2 raven zombies (D:15)
  2 hill giant skeletons (D:13)
  A big kobold (D:14)
  A cyclops zombie (D:15)
  A hippogriff skeleton (D:14)
  A polar bear skeleton (Lair:8)
  A tengu skeleton (D:14)
  5 yak skeletons (D:12)
  A troll skeleton (D:11)
  6 crimson imps
  A kobold skeleton (D:14)
  A basilisk skeleton (D:14)
  An elf skeleton (D:12)
  A giant frog skeleton (D:13)
  A two-headed ogre skeleton (D:11)
  An ogre zombie (Orc:4)
  An adder (Lair:2)
  2 shadow imps
  3 white imps
  A sheep skeleton (D:12)
  2 orcs (Orc:4)
  2 kobolds (D:14)
  A giant spore (D:10)
  A goblin skeleton (Orc:4)
  A jackal skeleton (D:10)
  12 orc skeletons
  13 orc zombies (Orc:4)
  4 bushes
  35 fungi
  11 plants
128 creatures vanquished.

Grand Total: 1282 creatures vanquished

Notes
Turn   | Place    | Note
--------------------------------------------------------------
     0 | D:1      | kroki, the Draconian Wizard, began the quest for the Orb.
     0 | D:1      | Reached XP level 1. HP: 14/14 MP: 4/4
   431 | D:1      | Reached skill level 2 in Conjurations
   434 | D:1      | Reached XP level 2. HP: 18/20 MP: 0/6
   615 | D:1      | Found a glowing golden altar of the Shining One.
   629 | D:1      | You fall through a shaft!
   822 | D:2      | Learned a level 2 spell: Call Imp
   825 | D:2      | Learned a level 2 spell: Blink
   828 | D:2      | Learned a level 2 spell: Repel Missiles
   899 | D:2      | Reached skill level 3 in Conjurations
   899 | D:2      | Reached XP level 3. HP: 14/26 MP: 1/7
  1252 | D:2      | Reached skill level 1 in Fighting
  1506 | D:1      | Reached XP level 4. HP: 36/36 MP: 0/9
  1731 | D:2      | Reached skill level 2 in Fighting
  2506 | D:3      | Reached skill level 3 in Fighting
  2523 | D:3      | Reached XP level 5. HP: 18/46 MP: 2/11
  2855 | D:3      | Reached skill level 4 in Fighting
  3129 | D:3      | Reached skill level 2 in Dodging
  3477 | D:3      | Learned a level 3 spell: Mephitic Cloud
  3666 | D:4      | Reached skill level 1 in Air Magic
  3808 | D:4      | Reached skill level 2 in Air Magic
  3808 | D:4      | Reached XP level 6. HP: 46/52 MP: 3/12
  3994 | D:4      | HP: 11/52 [gnoll shaman/club (7)]
  4003 | D:4      | HP: 11/52 [gnoll/club (4)]
  4332 | D:4      | Noticed an ogre
  4339 | D:4      | Killed an ogre
  4339 | D:4      | Reached skill level 3 in Air Magic
  4520 | D:4      | Reached skill level 4 in Air Magic
  4687 | D:4      | Found an iron altar of Okawaru.
  4687 | D:4      | Found a shadowy altar of Dithmenos.
  4985 | D:4      | Reached skill level 1 in Poison Magic
  5148 | D:5      | Entered Level 5 of the Dungeon
  5196 | D:5      | Reached skill level 2 in Stealth
  5196 | D:5      | Your scales start taking on a glossy black colour.
  5196 | D:5      | Gained mutation: You are resistant to electric shocks. [draconian maturity]
  5196 | D:5      | Reached skill level 5 in Air Magic
  5196 | D:5      | Reached XP level 7. HP: 41/59 MP: 2/14
  5333 | D:5      | Reached skill level 2 in Poison Magic
  5603 | D:5      | Found a staircase to the Ecumenical Temple.
  5608 | Temple   | Entered the Ecumenical Temple
  5650 | Temple   | Became a worshipper of Ashenzari the Shackled
  6064 | D:4      | Learned a level 2 spell: Searing Ray
  6267 | D:5      | Found Staept's Jewellery Shoppe.
  6622 | D:5      | Found a stormy altar of Qazlal.
  6886 | D:5      | Reached skill level 3 in Dodging
  7517 | D:5      | Reached skill level 4 in Spellcasting
  7669 | D:5      | Reached skill level 5 in Fighting
  7669 | D:5      | Reached XP level 8. HP: 51/68 MP: 15/18
  7897 | D:6      | Found a glowing silver altar of Zin.
  7897 | D:6      | Noticed an angel
  7960 | D:6      | Noticed Prince Ribbit
  7980 | D:6      | Killed Prince Ribbit
  8045 | D:6      | Found a blossoming altar of Fedhas.
  8141 | D:6      | Learned a level 2 spell: Stoneskin
  8171 | D:6      | Reached skill level 1 in Maces & Flails
  8251 | D:6      | Found a shimmering altar of Xom.
  8286 | D:6      | Reached skill level 2 in Maces & Flails
  8506 | D:6      | Reached skill level 3 in Maces & Flails
  8677 | D:6      | Reached skill level 4 in Maces & Flails
  8771 | D:7      | Found a shadowy altar of Dithmenos.
  8871 | D:7      | Reached skill level 5 in Maces & Flails
  8982 | D:7      | Found a snail-covered altar of Cheibriados.
  8983 | D:7      | Found a burning altar of Makhleb.
  9040 | D:7      | Found a basalt altar of Yredelemnul.
  9184 | D:7      | Reached skill level 6 in Maces & Flails
  9237 | D:7      | Found a sparkling altar of Nemelex Xobeh.
  9371 | D:7      | Reached XP level 9. HP: 70/74 MP: 20/20
  9692 | D:8      | Acquired Ashenzari's first power
  9828 | D:8      | Reached skill level 4 in Dodging
  9835 | D:8      | Found a staircase to the Lair.
  9847 | D:8      | Reached skill level 7 in Maces & Flails
 10055 | D:8      | Reached skill level 6 in Fighting
 10421 | D:8      | Reached skill level 8 in Maces & Flails
 10861 | D:9      | Learned a level 3 spell: Conjure Flame
 10910 | Lair:1   | Entered Level 1 of the Lair of Beasts
 10920 | Lair:1   | Found a frozen archway.
 10964 | Lair:1   | Reached skill level 5 in Dodging
 11055 | Lair:1   | Reached XP level 10. HP: 71/84 MP: 21/21
 11072 | Lair:1   | Reached skill level 7 in Fighting
 11106 | IceCv    | Entered an ice cave
 11141 | IceCv    | Reached skill level 9 in Maces & Flails
 11308 | IceCv    | Noticed an ice statue
 12008 | Lair:1   | Reached skill level 6 in Dodging
 12180 | Lair:1   | Reached skill level 10 in Maces & Flails
 12293 | Lair:1   | Reached skill level 8 in Fighting
 12593 | Lair:1   | Noticed a black mamba
 12606 | Lair:1   | Killed a black mamba
 13001 | Lair:2   | Found a labyrinth entrance.
 13002 | Lair:2   | Noticed Harold
 13052 | Lair:2   | Killed Harold
 13082 | Lab      | Entered a labyrinth
 13266 | Lab      | Reached XP level 11. HP: 60/95 MP: 22/22
 13432 | Lab      | Noticed a minotaur
 13441 | Lab      | Killed a minotaur
 13441 | Lab      | Reached skill level 11 in Maces & Flails
 13532 | Lab      | Identified the +7 trident "Smoumuna" {drain, Dex+2} (You found it in a labyrinth)
 13679 | Lair:2   | Reached skill level 7 in Dodging
 13745 | Lair:2   | Reached skill level 9 in Fighting
 13837 | Lair:2   | Acquired Ashenzari's second power
 13887 | Lair:2   | Noticed a five-headed hydra
 14013 | Lair:2   | Found an ancient bone altar of Kikubaaqudgha.
 14013 | Lair:2   | Noticed an oklob plant
 14129 | Lair:2   | Killed a five-headed hydra
 14770 | Lair:2   | Reached skill level 8 in Dodging
 14801 | Lair:2   | Reached skill level 10 in Fighting
 15609 | Lair:3   | Reached skill level 9 in Dodging
 16031 | Lair:3   | Reached skill level 11 in Fighting
 16117 | Lair:3   | Reached XP level 12. HP: 99/110 MP: 4/23
 16617 | Lair:4   | Noticed a four-headed hydra
 16830 | Lair:4   | Reached skill level 10 in Dodging
 17132 | Lair:4   | Killed a four-headed hydra
 17132 | Lair:4   | Reached skill level 12 in Fighting
 17457 | Lair:4   | Acquired Ashenzari's third power
 17735 | Lair:4   | HP: 28/113 [poisoned by a black mamba]
 17740 | Lair:4   | HP: 26/113 [poisoned by a black mamba]
 17746 | Lair:4   | HP: 23/113 [poisoned by a black mamba]
 17752 | Lair:4   | HP: 22/113 [poisoned by a black mamba]
 17760 | Lair:4   | HP: 22/113 [poisoned by a black mamba]
 17768 | Lair:4   | HP: 23/113 [poisoned by a black mamba]
 18825 | Lair:4   | Reached skill level 11 in Dodging
 18913 | Lair:4   | Reached skill level 13 in Fighting
 19613 | Lair:5   | Found a staircase to the Snake Pit.
 19673 | Lair:5   | HP: 20/115 [naga/scimitar (14)]
 19679 | Lair:5   | HP: 20/115 [poisoned by a naga (splash of poison)]
 19686 | Lair:5   | HP: 20/115 [poisoned by a naga (splash of poison)]
 19694 | Lair:5   | HP: 20/115 [poisoned by a naga (splash of poison)]
 20271 | Lair:5   | Reached XP level 13. HP: 114/122 MP: 22/24
 20371 | Lair:5   | Found a staircase to the Swamp.
 20902 | D:9      | Noticed Psyche
 20910 | D:9      | Killed Psyche
 20975 | D:9      | Found a glowing golden altar of the Shining One.
 21069 | D:9      | Found a staircase to the Orcish Mines.
 21115 | D:9      | Found a large runed door.
 21115 | D:9      | Found a large runed door.
 21130 | D:9      | Found a large runed door.
 21130 | D:9      | Found a large runed door.
 21257 | D:9      | Acquired Ashenzari's fourth power
 21266 | D:9      | Noticed Blork the orc
 21303 | D:9      | Killed Blork the orc
 21651 | Orc:1    | Entered Level 1 of the Orcish Mines
 22104 | Orc:2    | Noticed Erica
 22193 | Orc:2    | Killed Erica
 22193 | Orc:2    | Reached skill level 1 in Charms
 22216 | Orc:2    | Reached skill level 2 in Charms
 22502 | Orc:2    | Found a roughly hewn altar of Beogh.
 22777 | Orc:1    | Found Nofozej's Jewellery Boutique.
 22780 | Orc:1    | Bought an uncursed amulet of regeneration for 420 gold pieces
 22973 | Orc:3    | Found Schugiob's General Store.
 22987 | Orc:2    | Reached skill level 3 in Charms
 23340 | Orc:3    | Found a roughly hewn altar of Beogh.
 23575 | Orc:3    | Found Hoedwo's Weapon Shoppe.
 23844 | Orc:3    | Reached skill level 5 in Spellcasting
 24359 | Orc:4    | Entered Level 4 of the Orcish Mines
 24454 | Orc:3    | Reached skill level 4 in Charms
 24716 | Orc:4    | Noticed an orc warlord
 24983 | Orc:1    | Bought the ring "Owoirris" {rPois rC+ EV+3 Dex-4 Slay+5} for 725 gold pieces
 25617 | Lair:6   | Learned a level 6 spell: Haste
 25739 | Lair:6   | Reached skill level 5 in Charms
 26016 | Lair:6   | Found a shattered altar of Ashenzari.
 26050 | Lair:6   | Reached skill level 6 in Charms
 26436 | Lair:7   | Reached skill level 6 in Spellcasting
 26474 | Lair:7   | HP: 25/122 [elephant (16)]
 26535 | Lair:7   | Reached skill level 7 in Spellcasting
 27522 | Lair:7   | Reached skill level 8 in Spellcasting
 27689 | Lair:8   | Entered Level 8 of the Lair of Beasts
 27726 | Lair:8   | Found a viscous altar of Jiyva.
 27727 | Lair:8   | Found a staircase to the Slime Pits.
 27847 | Lair:8   | Learned a level 6 spell: Deflect Missiles
 28237 | Lair:8   | Reached skill level 9 in Spellcasting
 28237 | Lair:8   | Gained mutation: Your wings are large and strong. [draconian growth]
 28237 | Lair:8   | Reached XP level 14. HP: 125/129 MP: 6/31
 28488 | Lair:8   | Identified the cursed +3 shortbow of Tenacity {velocity, MP+9 Str+3 Dex-2}
 29352 | Lair:8   | Reached skill level 10 in Spellcasting
 29382 | Lair:8   | Learned a level 1 spell: Animate Skeleton
 30208 | D:8      | Reached skill level 11 in Spellcasting
 30299 | D:10     | Entered Level 10 of the Dungeon
 30322 | D:10     | Found a flagged portal.
 30331 | Bailey   | Entered a bailey
 30492 | Bailey   | Identified the +7 scimitar "Ushirov" {vamp, rPois Str+4 Int+2}
 31084 | D:10     | Found a snail-covered altar of Cheibriados.
 31945 | D:11     | Identified the +1 pair of gloves of a bazaar {rPois rF- MP+9 Dex+6}
 32216 | D:11     | HP: 31/129 [orc priest/divine providence (16)]
 32222 | D:11     | HP: 27/129 [unseen horror (6)]
 32222 | D:11     | HP: 7/129 [eight-headed hydra (11)]
 32664 | D:11     | Reached skill level 12 in Spellcasting
 34066 | D:12     | Identified a scroll of acquirement
 34262 | D:13     | Noticed Sonja
 34272 | D:13     | Killed Sonja
 34310 | D:13     | Reached skill level 13 in Spellcasting
 34346 | D:13     | Noticed Norris
 34590 | D:13     | Killed Norris
 34590 | D:13     | Reached XP level 15. HP: 73/136 MP: 34/35
 34687 | D:13     | Reached skill level 1 in Shields
 34705 | D:13     | Your ally Norris died
 34762 | D:13     | Reached skill level 2 in Shields
 34883 | D:13     | Found a gate to the Vaults.
 35225 | D:13     | Paralysed by a wizard for 5 turns
 35337 | D:13     | Learned a level 3 spell: Ozocubu's Armour
 35761 | D:14     | HP: 9/137 [hill giant/giant spiked club (28)]
 35781 | D:14     | Reached skill level 14 in Fighting
 35811 | D:14     | Noticed Azrael
 35840 | D:14     | Reached skill level 12 in Dodging
 35872 | D:14     | Killed Azrael
 35872 | D:14     | Reduced skill Maces & Flails to level 10
 35872 | D:14     | Reached skill level 1 in Long Blades
 35924 | D:14     | Reached skill level 2 in Long Blades
 36157 | D:14     | Reached skill level 3 in Long Blades
 36506 | D:14     | Reached skill level 4 in Long Blades
 36521 | D:14     | Found a gate to the Vaults.
 36531 | D:14     | Reduced skill Maces & Flails to level 9
 36548 | D:14     | Reached skill level 5 in Long Blades
 36616 | D:14     | Learned a level 4 spell: Animate Dead
 36881 | D:15     | Entered Level 15 of the Dungeon
 37159 | D:15     | Reached skill level 6 in Long Blades
 37190 | D:15     | Reduced skill Maces & Flails to level 8
 37205 | D:15     | Reached skill level 15 in Fighting
 37371 | D:15     | Found a staircase to the Depths.
 37523 | D:15     | Reached skill level 13 in Dodging
 37718 | D:15     | Reached skill level 7 in Long Blades
 38103 | Orc:4    | Paralysed by an orc sorcerer for 6 turns
 38150 | Orc:4    | Found a staircase to the Elven Halls.
 38150 | Orc:4    | Found Clagiptu's Antique Armour Shoppe.
 38186 | Orc:4    | HP: 27/141 [orc sorcerer/bolt of fire (45)]
 38187 | Orc:4    | Reduced skill Maces & Flails to level 7
 38190 | Orc:4    | HP: 6/141 [orc warrior/war axe (23)]
 38196 | Orc:4    | HP: 34/141 [warg (4)]
 38205 | Orc:4    | HP: 31/141 [orc priest/divine providence (12)]
 38210 | Orc:4    | HP: 8/141 [orc warrior/long sword (9)]
 38222 | Orc:4    | Found Pnois' Antique Weapon Emporium.
 38435 | Orc:4    | HP: 21/141 [sun demon[an orc high priest] (15)]
 38439 | Orc:4    | HP: 10/141 [sun demon[an orc high priest] (10)]
 38439 | Orc:4    | Slain by a sun demon

Action                   |  1- 3 |  4- 6 |  7- 9 | 10-12 | 13-15 || total
-------------------------+-------+-------+-------+-------+-------++-------
Melee: Unarmed           |    16 |       |       |       |       ||    16
       Spear             |    34 |       |       |       |       ||    34
       Short sword       |    12 |    27 |       |       |       ||    39
       Staff             |       |    14 |       |       |       ||    14
       Dagger            |       |    42 |    92 |       |       ||   134
       Whip              |       |       |   310 |   943 |  2016 ||  3269
       Scimitar          |       |       |       |       |   527 ||   527
 Fire: Blowgun           |       |       |    39 |       |       ||    39
 Cast: Magic Dart        |    65 |   150 |   151 |   257 |    68 ||   691
       Call Imp          |     3 |    23 |    19 |     8 |    11 ||    64
       Repel Missiles    |     1 |     1 |     2 |     2 |     4 ||    10
       Mephitic Cloud    |       |     4 |    23 |    19 |    93 ||   139
       Blink             |       |     2 |     1 |     7 |     2 ||    12
       Searing Ray       |       |       |     8 |     5 |     6 ||    19
       Stoneskin         |       |       |     8 |    17 |    32 ||    57
       Conjure Flame     |       |       |       |    41 |     9 ||    50
       Haste             |       |       |       |       |     7 ||     7
       Deflect Missiles  |       |       |       |       |     6 ||     6
       Animate Skeleton  |       |       |       |       |    64 ||    64
       Animate Dead      |       |       |       |       |    19 ||    19
       Ozocubu's Armour  |       |       |       |       |     9 ||     9
Invok: Transfer Knowledg |       |       |       |       |     1 ||     1
 Abil: Breathe Lightning |       |       |       |       |     1 ||     1
       Fly               |       |       |       |       |     1 ||     1
Evoke: Wand              |       |       |       |     5 |    16 ||    21
       Deck              |       |       |       |     1 |     1 ||     2
  Use: Scroll            |       |    14 |     7 |    15 |    41 ||    77
       Potion            |       |     2 |       |       |    12 ||    14
 Stab: Distracted        |       |     1 |     1 |       |     5 ||     7
       Confused          |       |     1 |     9 |     6 |    37 ||    53
       Sleeping          |       |       |     1 |     5 |     9 ||    15
       Paralysed         |       |       |       |     2 |     4 ||     6
       Fleeing           |       |       |       |       |     1 ||     1
  Eat: Chunk             |     1 |     7 |    11 |    16 |    45 ||    80
       Bread ration      |       |     1 |       |     2 |     5 ||     8
       Royal jelly       |       |     1 |     2 |       |       ||     3
       Meat ration       |       |       |     1 |     2 |     4 ||     7

Vault maps used:
D:1:      saegor_arrival_under_anarchy, tso_metal_star
D:2:      serial_bayou, serial_bayou_lagoon_b, serial_bayou_pond_b,
          serial_bayou_lagoon_a, serial_bayou_pond_a, serial_bayou_pond_d,
          serial_bayou_ford_a, first_bread, minmay_unequal
D:3:      amethyst_killhole
D:4:      gammafunk_temple_overflow_elements, serial_bayou_crossing
D:5:      nicolae_qazlal_general_emergency, minmay_temple_entry_statues_pillars,
          serial_shops, shop
D:6:      grunt_temple_overflow_order_and_chaos_1, old_standard_altar,
          uniq_prince_ribbit1
D:7:      nemelex_xobeh_ov_fountains_minmay,
          gammafunk_temple_overflow_forgotten, basic_altar
D:8:      erik_lair_boring, the_bakery
D:9:      lemuel_crystal_altar, minmay_hollow_rounded_squares,
          uniq_blork_the_orc, uniq_psyche
D:10:     enter_bailey_2, dk_vineyard_2, cheibriados_altar_1
D:11:     kennysheep_opposing_triangles
D:13:     david_vaults_3, lightli_wizard_tower, uniq_sonja
D:14:     grunt_vaults_entry_tiered, kennysheep_nub, lemuel_flamethrower_hall,
          uniq_azrael
D:15:     grunt_enter_depths_snipers
Temple:   jpeg_temple_alley_garden_8
Lair:1:   portal_ice_cave_entry_ice_beasts, minivault_19,
          hangedman_lair_generics_rect
Lair:2:   erik_1, lab_entry_generic, st_stairs_9, lemuel_oklob_altar,
          uniq_harold
Lair:3:   roderic_ravens_nest, lemuel_fruit_fields, grunt_megastairs_2,
          lemuel_fruit_fields
Lair:5:   minmay_swamp_entry_worms, minmay_snake_entry_guardpost_small,
          minivault_27, serial_bayou_shore_a
Lair:6:   lemuel_centaur_altar, infiniplex_staircase_pool_2
Lair:8:   due_jungle_book, dpeg_slime_entry_enclosed_altar, serial_bayou_pond_a,
          lemuel_fruit_tree
Orc:1:    serial_shops, nicolae_shop_window_shopping
Orc:2:    nicolae_orc_accident_2, uniq_erica
Orc:3:    lemuel_ogre_cave, basic_altar, serial_shops, shop, shop,
          nicolae_orc_pool_cavern, nicolae_orc_damp_corner
Orc:4:    grunt_orc_gardens, grunt_orc_garden, grunt_orc_garden,
          grunt_orc_garden, grunt_orc_garden
Lab:      labyrinth_hidden_loot, nicolae_lab_statue, labyrinth_skeletal_remains,
          nicolae_lab_blocks, lab_fountain, lab_statue
Bailey:   bailey_polearm_2, bailey
IceCv:    ice_cave_caverns_03

Table legend:
 A = Turns spent in this place as a percentage of turns spent in the entire game.
 B = Non-inter-level travel turns spent in this place as a percentage of non-inter-level travel turns spent in the entire game.
 C = Inter-level travel turns spent in this place as a percentage of turns spent in this place.
 D = Turns resting spent in this place as a percentage of non-inter-level travel turns spent in this place.
 E = Turns spent auto-exploring this place as a percentage of non-inter-level travel turns spent in this place.
 F = Non-inter-level travel turns spent in this place divided by the number of levels of this place that you've seen.
                   A       B       C       D       E      F
               +-------+-------+-------+-------+-------+----------------------
         Total | 100.0 | 100.0 |   0.5 |   1.8 |   8.6 | 605.2
       Dungeon |  45.6 |  45.6 |   0.4 |   1.7 |   9.7 | 569.9
        Temple |   0.1 |   0.1 |   4.5 |   0.0 |  47.6 |  21.0
          Lair |  36.2 |  36.2 |   0.3 |   2.2 |   6.6 | 850.0
  Orcish Mines |  13.6 |  13.6 |   0.9 |   0.5 |  10.8 | 636.5
     Labyrinth |   1.7 |   1.7 |   0.0 |   3.2 |   0.0 | 316.0
        Bailey |   2.1 |   2.1 |   0.0 |   0.0 |  11.4 | 403.0
      Ice Cave |   0.7 |   0.7 |   0.0 |  12.6 |   4.7 | 127.0
               +-------+-------+-------+-------+-------+----------------------

Table legend:
 A = Kills in this place as a percentage of kills in entire the game.
 B = Kills by you in this place as a percentage of kills by you in the entire game.
 C = Kills by friends in this place as a percentage of kills by friends in the entire game.
 D = Other kills in this place as a percentage of other kills in the entire game.
 E = Experience gained in this place as a percentage of experience gained in the entire game.
 F = Experience gained in this place divided by the number of levels of this place that you have seen.
                   A       B       C       D       E      F
               +-------+-------+-------+-------+-------+----------------------
         Total | 100.0 | 100.0 | 100.0 | 100.0 | 100.0 | 4871.0
       Dungeon |  48.4 |  47.0 |  77.8 |  31.0 |  47.4 | 4773.3
          Lair |  31.6 |  33.9 |   6.2 |  25.9 |  40.9 | 7728.5
  Orcish Mines |  16.9 |  15.8 |  14.8 |  39.7 |   8.5 | 3215.8
     Labyrinth |   0.5 |   0.6 |   0.0 |   0.0 |   1.3 | 2037.0
        Bailey |   2.3 |   2.3 |   1.2 |   3.4 |   1.2 | 1842.0
      Ice Cave |   0.4 |   0.4 |   0.0 |   0.0 |   0.6 | 831.0
               +-------+-------+-------+-------+-------+----------------------
